 Dungeon Crawl Stone Soup version 0.30-a0-651-g0755cc6dcf (webtiles) character file.

Game seed: 17453141788706985919

21 JetFlynn the Grave Robber (level 2, -5/15 HPs)
             Began as a Deep Elf Necromancer on Jan 18, 2023.
             Slain by an orc
             ... wielding a +0 flail
              (8 damage)
             ... on level 3 of the Dungeon.
             The game lasted 00:05:56 (1554 turns).

JetFlynn the Grave Robber (Deep Elf Necromancer)    Turns: 1554, Time: 00:05:56

Health: -5/15      AC:  3    Str:  5    XL:     2   Next: 65%
Magic:  8/8        EV: 12    Int: 19    God:
Gold:   34         SH:  0    Dex: 15    Spells: 7/8 levels left

rFire   . . .      SeeInvis .    h - staff of poison
rCold   . . .      Faith    .    (no shield)
rNeg    . . .      Spirit   .    a - +0 robe
rPois   +          Reflect  .    (no helmet)
rElec   .          Harm     .    (no cloak)
rCorr   .          Rampage  .    (no gloves)
Will    .....                    e - +0 pair of boots
Stlth   ++                       (no amulet)
HPRegen 0.22/turn                (no ring)
MPRegen 0.11/turn                (no ring)

@: no status effects
A: no striking features
a: no special abilities


You were on level 3 of the Dungeon.
You visited 1 branch of the dungeon, and saw 3 of its levels.

You collected 34 gold pieces.

Inventory:

Armour
 a - a +0 robe (worn)
 e - a +0 pair of boots (worn)
Magical Staves
 h - a staff of poison (weapon)
Scrolls
 c - a scroll of poison {unknown}
 d - 2 scrolls of identify {unknown}
 f - a scroll of acquirement {unknown}
Potions
 b - 2 potions of magic
 g - 2 potions of degeneration {unknown}
 i - a potion of flight {unknown}


   Skills:
 - Level 2.6 Dodging
 - Level 2.6 Stealth
 + Level 3.7 Spellcasting
 + Level 5.2 Necromancy


You had 7 spell levels left.
You knew the following spells:

 Your Spells              Type           Power      Damage    Failure   Level
a - Necrotise             Necr           92%        1d8       1%          1

Your spell library contained the following spells:

 Spells                   Type           Power      Damage    Failure   Level
 Vampiric Draining        Necr           23%        2d7       4%          3
 Freeze                   Ice            12%        1d3       14%         1
 Animate Dead             Necr           23%        N/A       16%         4
 Frozen Ramparts          Ice            6%         1d1       38%         3
 Hailstorm                Conj/Ice       3%         3d3       38%         3
 Agony                    Necr           23%        N/A       41%         5


Dungeon Overview and Level Annotations

Branches:
Dungeon (2/15)

Altars:
Cheibriados


Message History

You open the door.
There is an open door here.
You open the door.
Found a snail-covered altar of Cheibriados.
There is an open door here.
There is a snail-covered altar of Cheibriados here.
You open the door.
There is an open door here.
You open the door.
There is an open door here.
You open the door.
There is an open door here.
Found a ring mail.
You see here a +0 ring mail. 2 orcs come into view.
The orc shouts!
Why would you want to do that?
You enter the shallow water.
Moving in this stuff is going to be slow.
An orc comes into view. It is wielding a +0 club.
The orc shouts!
The orc shouts!
Found a hand axe.
The orc misses you.
The orc shouts!
The orc closely misses you. The orc misses you.
The orc attacks as you move away! The orc hits you but does no damage.
The orc attacks as you move away! The orc completely misses you.
The orc attacks as you move away! The orc misses you.
The orc attacks as you move away! The orc hits you with a +0 flail!
Ouch! That really hurt!
The orc attacks as you move away! The orc barely misses you.
A ball python comes into view.
A hobgoblin comes into view.
The orc attacks as you move away! The orc hits you with a +0 club.
The orc attacks as you move away! The orc hits you with a +0 club.
* * * LOW HITPOINT WARNING * * *
The orc attacks as you move away! The orc hits you with a +0 flail!
Ouch! That really hurt!
You die...

... ....... ...
g.... ....
..... .....#...
.....#...
........#
........#
.......@###
.......oo.#####
........oo....#
..............#
+###.....#....#
#.....#....#
#.....#....#
#.....#....#
#.#
#)....#....#
#..#


You could see 4 orcs and a hobgoblin (asleep).

Vanquished Creatures
  2 giant cockroaches (D:2)
  2 goblins (D:1)
  3 hobgoblins (D:1)
  2 jackals (D:1)
  A kobold (D:2)
  A quokka (D:1)
  3 ball pythons
  4 frilled lizards (D:1)
18 creatures vanquished.

Notes
Turn   | Place    | Note
-------+----------+-------------------------------------------
     0 | D:1      | JetFlynn the Deep Elf Necromancer began the quest for the
                  | Orb.
     0 | D:1      | Reached XP level 1. HP: 10/10 MP: 6/6
   327 | D:1      | Reached skill level 5 in Necromancy
   362 | D:1      | Reached XP level 2. HP: 15/15 MP: 5/8
  1381 | D:2      | You fall into a shaft and drop 1 floor!
  1485 | D:3      | Found a snail-covered altar of Cheibriados.
  1554 | D:3      | Slain by an orc

Illustrated notes

Levels and vault maps discovered:
D:1:      dpeg_arrival_leaves_temple_mockup, layout_basic, serial_bayou_pond_c,
          hangedman_decor_points
D:2:      layout_loops_ring, minmay_indecisive_spiral, uniq_jessica
D:3:      layout_basic, mainiacjoe_overflow_24_doors, serial_rivers,
          chequers_serial_rivers_micro_e, chequers_serial_rivers_micro_a,
          chequers_serial_rivers_micro_e, chequers_serial_rivers_small_a

Skill      XL: |  1 |
---------------+----+-----
Necromancy     | 5 |  5.2
Dodging        | |  2.6
Stealth        | |  2.6
Spellcasting   | |  3.7

Action                   || total
-------------------------++-------
 Cast: Necrotise         ||    32
Armor: Robe              ||     2
Dodge: Dodged            ||    10

Table legend: (Time is in decaauts)
 A = Elapsed time spent in this place.
 B = Non-inter-level travel time spent in this place.
 C = Inter-level travel time spent in this place.
 D = Time resting spent in this place.
 E = Time spent auto-exploring this place.
 F = Levels seen in this place.
 G = Mean time per level.
                   A        B        C        D        E       F      G
               +--------+--------+--------+--------+--------+-----+--------+
         Total |   1555 |   1524 |     31 |    323 |    856 |   3 |  518.3 |
       Dungeon |   1555 |   1524 |     31 |    323 |    856 |   3 |  518.3 |
               +--------+--------+--------+--------+--------+-----+--------+

Top non-repeatable levels by time:
     D:1: 1361 daAuts
     D:3: 173 daAuts
     D:2: 20 daAuts
